 Dungeon Crawl Stone Soup version 0.18-a0-705-g580043c (webtiles) character file.

88 Duffy the Slasher (level 4, 0/35 HPs)
             Began as a Formicid Berserker on Dec 7, 2015.
             Was a Believer of Trog.
             Slain by a gnoll
             ... wielding a +0 spear
              (4 damage)
             ... on level 1 of the Dungeon.
             The game lasted 00:03:09 (2454 turns).

Duffy the Slasher (Formicid Berserker)              Turns: 2454, Time: 00:03:09

Health: 0/35       AC:  6    Str: 23    XL:     4   Next: 82%
Magic:  4/4        EV: 10    Int:  6    God:    Trog [**....]
Gold:   110        SH:  3    Dex: 10    Spells: 0 memorised, 3 levels left

rFire  . . .     SeeInvis +     a - +0 falchion
rCold  . . .     Clarity  .     m - +0 scale mail
rNeg   . . .     SustAt   .     l - +0 buckler
rPois  .         Gourm    .     (helmet unavailable)
rElec  .         Spirit   .     (no cloak)
rCorr  .         Dismiss  .     (no gloves)
rMut   .         Stasis   +     (no boots)
MR     .....                    (no amulet)
Stlth  ..........               (no ring)
                                (no ring)

@: lethally poisoned (0 -> -6), not resistant to hostile enchantments, extremely
unstealthy
A: permanent stasis, dig shafts and tunnels, four strong arms, antennae 3
a: Dig, Shaft Self, Trog's Hand, Burn Spellbooks, Renounce Religion


You were on level 1 of the Dungeon.
You worshipped Trog.
Trog was pleased with you.
You were very hungry.

You visited 1 branch of the dungeon, and saw 3 of its levels.

You collected 110 gold pieces.


Innate Abilities, Weirdness & Mutations

You are under a permanent stasis effect.
You can dig through walls and to a lower floor.
Your four strong arms can wield two-handed weapons with a shield.
You have a pair of large antennae on your head (SInv).


   Skills:
 - Level 3.4 Fighting
 + Level 4.7 Long Blades
 - Level 2.4 Armour
 - Level 2.0 Dodging
 + Level 1.2 Shields


You had 3 spell levels left.
You didn't know any spells.

Inventory:

Hand Weapons
 a - a +0 falchion (weapon)
Missiles
 o - a throwing net (quivered)
Armour
 b - a +0 animal skin
 j - a +0 ring mail
 l - a +0 buckler (worn)
 m - a +0 scale mail (worn)
Scrolls
 g - 3 scrolls of identify {unknown}
 i - a scroll of magic mapping {unknown}
Potions
 e - a potion of curing {unknown}
 f - a potion of might {unknown}
 h - a potion of flight {unknown}
 k - a potion of resistance {unknown}
Comestibles
 c - a bread ration
 d - a beef jerky
 n - a slice of pizza

Dungeon Overview and Level Annotations

Branches:
Dungeon (3/15)

Altars:

Annotations:
D:3 Sigmund


Message History

The adder bites you. The adder misses you.
You closely miss the adder.
The adder is heavily wounded.
The adder barely misses you.
You closely miss the adder.
The adder is heavily wounded.
The adder bites you but does no damage. The adder bites you.
You are poisoned.
The adder poisons you!
You closely miss the adder.
The adder is heavily wounded.
You feel sick. The adder barely misses you.
You hit the adder.
The adder is almost dead.
The adder misses you.
You closely miss the adder.
The adder is almost dead.
The adder closely misses you. The adder barely misses you.
You closely miss the adder.
The adder is almost dead.
You feel sick. The adder misses you.
You closely miss the adder.
The adder is almost dead.
The adder bites you but does no damage. The adder bites you.
You are lethally poisoned!
The adder poisons you!
You slash the adder!
You kill the adder!
Trog accepts your kill.
Your Shields skill increases to level 1!
You feel sick.
You slash the gnoll!
The gnoll is heavily wounded.
The gnoll closely misses you. The gnoll hits you with a spear.
You die...

#.# #......#
#.# #.######
#####.# #.#
## #...%.#
#.# #.
#%#####
#.#########.
#.#
#......#....
#.#
#.####.'....
#.#
#######.#
###.... #.#
##@##....#
####. #.#
#g###.####
#< #.#
#####.##.#
## #.#
#..g.....#
#.#
#.########
#.# #.#
##### #.#
#.# #.##.
#.# #.#
#.##. ####.#
#.# #.##.


You could see a gnoll.

Action                   |  1- 3 |  4- 6 || total
-------------------------+-------+-------++-------
Melee: Falchion          |   103 |    60 ||   163
 Abil: Dig               |       |     1 ||     1
  Eat: Chunk             |     1 |     3 ||     4

Notes
Turn   | Place    | Note
--------------------------------------------------------------
     0 | D:1      | Duffy the Formicid Berserker began the quest for the Orb.
     0 | D:1      | Reached XP level 1. HP: 18/18 MP: 1/1
   286 | D:1      | Reached skill level 2 in Dodging
   286 | D:1      | Reached XP level 2. HP: 10/24 MP: 2/2
   847 | D:1      | Reached XP level 3. HP: 20/29 MP: 3/3
  1524 | D:2      | Reached ** piety under Trog
  1524 | D:2      | Reached skill level 4 in Long Blades
  1573 | D:2      | Reached XP level 4. HP: 33/35 MP: 4/4
  2199 | D:3      | Noticed Sigmund
  2453 | D:1      | Reached skill level 1 in Shields
  2454 | D:1      | Slain by a gnoll

Vault maps used:
D:1:      minmay_arrival_cross
D:2:      first_bread, serial_park_tiny_2
D:3:      grunt_ministairs_6, uniq_sigmund

Vanquished Creatures
  A gnoll
  4 adders
  An ooze
  A giant gecko
  A ball python
  6 bats
  4 giant cockroaches
  9 goblins
  3 hobgoblins
  2 jackals
  3 giant newts
  5 kobolds
  3 rats
43 creatures vanquished.
